 Dungeon Crawl Stone Soup version 0.30.1-11-g7821555f0a (webtiles) character file.

Game seed: 3954702699232144784

10012 FakeRyeBread the Grappler (level 11, -7/109 HPs)
             Began as a Troll Fighter on Nov 15, 2023.
             Was a Priest of Wu Jian.
             Killed by divine providence
             ... invoked by a meliai
              (14 damage)
             ... on level 11 of the Dungeon.
             The game lasted 00:20:22 (9676 turns).

FakeRyeBread the Grappler (Troll Fighter)           Turns: 9676, Time: 00:20:22

Health: -7/109     AC:  5    Str: 26    XL:     11   Next: 30%
Magic:  10/10      EV: 10    Int:  8    God:    Wu Jian [***...]
Gold:   1348       SH: 12    Dex:  9    Spells: 10/10 levels left

rFire   . .          .
                       - Unarmed
rCold   . . .        b - +3 kite shield
rNeg    . . .        a - +0 robe
rPois   .            (helmet restricted)
rElec   .            A - +0 cloak
rCorr   .            (gloves unavailable)
SInv    +            (boots unavailable)
Will    .....        (no amulet)
Stlth   +            j - ring of flight
HPRegen 1.18/turn    s - ring of see invisible
MPRegen 0.12/turn

%: no passive effects
@: flying
A: large, unfitting armour, claws 3, regeneration 1, shaggy fur 1, tough skin 1
a: Renounce Religion, Wall Jump, Serpent's Lash


You were on level 11 of the Dungeon.
You worshipped Wu Jian.
Wu Jian was most pleased with you.
You visited 2 branches of the dungeon, and saw 12 of its levels.

You collected 1348 gold pieces.

Inventory:

Missiles
 d - 3 atropa-tipped darts
 g - 24 poisoned darts
 i - 128 stones
 r - 7 boomerangs
 t - a throwing net
Armour
 a - a +0 robe (worn)
 b - a +3 kite shield (worn)
 A - a +0 cloak (worn)
Jewellery
 j - a ring of flight (left claw)
 n - a ring of positive energy
 s - a ring of see invisible (right claw)
 F - a ring of willpower
 G - a ring of wizardry
Wands
 q - a wand of mindburst (14) (quivered)
 x - a wand of polymorph (5)
 y - a wand of light (8)
 J - a wand of iceblast (6)
 L - a wand of flame (7)
Scrolls
 k - 4 scrolls of poison
 m - 6 scrolls of teleportation
 u - a scroll of amnesia
 w - a scroll of fog
 z - a scroll of blinking
 B - a scroll of silence
Potions
 c - 2 potions of might
 e - 2 potions of curing
 h - a potion of resistance {unknown}
 l - a potion of ambrosia {unknown}
 o - 2 potions of brilliance
 p - 2 potions of attraction
 v - 3 potions of mutation
 C - a potion of lignification {unknown}
 D - 4 potions of degeneration
 E - a potion of haste {unknown}
 I - a potion of berserk rage {unknown}
Miscellaneous
 K - a condenser vane


   Skills:
 + Level 7.5 Fighting
 + Level 5.6 Dodging
 + Level 8.2 Shields
 * Level 12.1 Unarmed Combat


You had 10 spell levels left.
You didn't know any spells.
Your spell library contained the following spells:

 Spells                   Type           Power      Damage    Failure   Level
 Kiss of Death            Conj/Necr      0%         2d5       58%         1
 Cigotuvi's Dreadful Rot  Necr/Pois/Air  0%         N/A       75%         2
 Confusing Touch          Hex            0%         N/A       92%         3
 Gell's Gravitas          Tloc           0%         N/A       92%         3
 Teleport Other           Tloc           0%         N/A       92%         3
 Dispel Undead            Necr           0%         3d6       100%        4
 Death Channel            Necr           0%         N/A       100%        6
 Dispersal                Tloc           0%         N/A       100%        6


Dungeon Overview and Level Annotations

Branches:
Dungeon (11/15)            Temple (1/1) D:7            Lair (0/5) D:9
    Orc (0/2) D:10

Altars:
Ashenzari
Cheibriados
Dithmenos
Elyvilon
Fedhas
Gozag
Hepliaklqana
Kikubaaqudgha
Makhleb
Nemelex Xobeh
Okawaru
Qazlal
Ru
Sif Muna
Trog
Uskayaw
Vehumet
Wu Jian
Xom
Yredelemnul
Zin
The Shining One

Shops:
D:6 :


Innate Abilities, Weirdness & Mutations

You are too large for most types of armour.
You have claws for hands.
Your natural rate of healing is unusually fast.
You are covered in fur. (AC +1)
You have tough skin. (AC +1)


Message History

Something smites you!
A meliai comes into view. It is wielding a +0 war axe.
A meliai comes into view. It is wielding a +0 hand axe.
The meliai moves out of view.
The meliai buzzes angrily.
The meliai invokes the aid of its god against you.
Something smites you! The meliai closely misses you. The meliai stings you.
You claw the meliai!
The meliai is severely wounded.
The meliai hits you with a +0 war axe. The meliai barely misses you.
The meliai calls upon its god to heal the meliai.
The meliai is healed somewhat.
The meliai hits you with a +0 war axe. You block the meliai's attack.
The meliai calls upon its god to heal the meliai.
The meliai is healed somewhat.
You closely miss the meliai.
The meliai is lightly wounded.
You spin and attack the meliai.
You scratch the meliai.
The meliai is moderately wounded.
The meliai hits you with a +0 war axe! You block the meliai's attack.
The meliai mumbles some strange prayers to its god against you.
Something smites you! The meliai hits you with a +0 war axe!
You block the meliai's attack. x2; The meliai misses you.
The meliai hits you with a +0 war axe! The meliai stings you.
The meliai barely misses you. x2
Blink to where?
Press: ? - help, Dir - move target
As you read the scroll of blinking, it crumbles to dust.
The meliai calls down the wrath of its god upon you.
Something smites you!
* * * LOW HITPOINT WARNING * * *
The meliai calls down the wrath of its god upon you.
Something smites you!
* * * LOW HITPOINT WARNING * * *
The meliai calls down the wrath of its god upon you.
Something smites you!
* * * LOW HITPOINT WARNING * * *
The meliai invokes the aid of its god against you.
Something smites you!
You die...

### ..# ###.# ..#.# #(#.# #.#.#
#.#.# . #.#.########## ..
#.#.<..<@.y..#########...
#.#+####.'...........y..........
#........#...........y...ยง......
##########......................
. .............######..#####.....
# ####........# #..# ..... #
#......J.# #..# ###. # #........#
#..# # #........# #..#


You could see a slime creature and 3 meliai.

Vanquished Creatures
  Pikel (D:8)
  An elephant (D:9)
  Joseph (D:10)
  A hornet (D:9)
  Grinder (D:4)
  A wraith (D:9)
  A shadow (D:9)
  A vampire (D:9)
  A slime creature (D:11)
  2 wyverns
  A basilisk (D:9)
  16 yaks
  2 steam dragons
  Eustachio (D:4)
  Menkaure (D:4)
  A water moccasin (D:6)
  2 black bears
  2 sky beasts
  An orc warrior (D:9)
  3 ice beasts
  6 centaurs
  An ogre (D:4)
  A phantom (D:4)
  4 kobold brigands
  2 bullfrogs
  2 gnoll sergeants
  2 scorpions (D:4)
  5 wights (D:9)
  18 killer bees
  4 howler monkeys
  3 hounds
  2 jellies
  A gnoll bouda (D:5)
  Crazy Yiuf (D:6)
  10 orc priests
  3 iguanas
  A sleepcap (D:6)
  12 orc wizards
  18 gnolls
  13 adders
  3 white imps
  5 worms
  3 dart slugs
  18 orcs
  5 ball pythons
  5 bats
  7 endoplasms
  4 giant cockroaches
  10 hobgoblins
  15 jackals
  A quokka (D:5)
  3 frilled lizards
  7 goblins
  21 kobolds
  5 rats
262 creatures vanquished.

Notes
Turn   | Place    | Note
-------+----------+-------------------------------------------
     0 | D:1      | FakeRyeBread the Troll Fighter began the quest for the Orb.
     0 | D:1      | Reached XP level 1. HP: 22/22 MP: 0/0
    47 | D:1      | Reached XP level 2. HP: 28/29 MP: 1/1
   233 | D:1      | Found a faded altar of an unknown god.
   302 | D:1      | Reached XP level 3. HP: 36/36 MP: 2/2
   744 | D:2      | Reached skill level 3 in Unarmed Combat
   916 | D:2      | Reached XP level 4. HP: 44/44 MP: 3/3
  2073 | D:3      | Reached skill level 4 in Unarmed Combat
  2073 | D:3      | Reached XP level 5. HP: 49/53 MP: 4/4
  2696 | D:4      | Noticed Grinder
  2714 | D:4      | Killed Grinder
  2715 | D:4      | Reached skill level 5 in Unarmed Combat
  2715 | D:4      | Reached XP level 6. HP: 45/61 MP: 5/5
  2849 | D:4      | Reached XP level 7. HP: 49/68 MP: 6/6
  3074 | D:4      | Found a white marble altar of Elyvilon.
  3146 | D:4      | Noticed Menkaure
  3158 | D:4      | Killed Menkaure
  3159 | D:4      | Reached skill level 6 in Unarmed Combat
  3229 | D:4      | Noticed Eustachio
  3241 | D:4      | Killed Eustachio
  3258 | D:4      | Identified the +10 falchion "Huiteottoa" {flame, Str+8
                  | Stlth-}
  3595 | D:5      | Entered Level 5 of the Dungeon
  3822 | D:4      | Reached XP level 8. HP: 72/79 MP: 7/7
  3840 | D:5      | Reached skill level 5 in Shields
  3846 | D:5      | Reached skill level 7 in Unarmed Combat
  4232 | D:6      | Reached skill level 5 in Fighting
  4343 | D:6      | Found Gocheagu's Book Shoppe.
  4432 | D:6      | Reached skill level 8 in Unarmed Combat
  4476 | D:6      | Found a runed translucent door.
  4477 | D:6      | Noticed Crazy Yiuf
  4575 | D:6      | Found a shimmering blue altar of Sif Muna.
  4943 | D:6      | Reached XP level 9. HP: 45/88 MP: 8/8
  5175 | D:6      | Killed Crazy Yiuf
  5473 | D:7      | Found an ancient bone altar of Kikubaaqudgha.
  5487 | D:7      | Found a snail-covered altar of Cheibriados.
  5580 | D:7      | Found a staircase to the Ecumenical Temple.
  5588 | Temple   | Entered the Ecumenical Temple
  5604 | Temple   | Became a worshipper of the Wu Jian Council
  5734 | D:7      | You are sucked into a shaft and drop 1 floor!
  5844 | D:8      | Reached skill level 9 in Unarmed Combat
  6353 | D:8      | Reached skill level 10 in Unarmed Combat
  6565 | D:8      | Noticed Pikel
  6572 | D:8      | Killed Pikel
  6573 | D:8      | Reached XP level 10. HP: 100/100 MP: 9/9
  6649 | D:8      | Reached * piety under Wu Jian
  7163 | D:9      | Found a staircase to the Lair.
  7163 | D:9      | Noticed an elephant
  7173 | D:9      | Killed an elephant
  7624 | D:9      | Reached skill level 11 in Unarmed Combat
  7681 | D:9      | Reached ** piety under Wu Jian
  7686 | D:9      | Reached skill level 5 in Dodging
  7826 | D:9      | Reached XP level 11. HP: 30/109 MP: 10/10
  8589 | D:10     | Entered Level 10 of the Dungeon
  8712 | D:10     | Noticed Joseph
  8720 | D:10     | Killed Joseph
  9075 | D:10     | Reached skill level 12 in Unarmed Combat
  9075 | D:10     | Reached *** piety under Wu Jian
  9155 | D:10     | Identified a scroll of acquirement
  9155 | D:10     | Acquired 802 gold pieces
  9207 | D:10     | Found a staircase to the Orcish Mines.
  9676 | D:11     | Killed from afar by a meliai

Illustrated notes

Levels and vault maps discovered:
D:1:      elethiomel_arrival_shortcut, layout_loops_ring,
          ebering_ecumenical_altar_sacrificial
D:2:      layout_loops_corners, minmay_misc_feat_five, minmay_tromino_i4
D:3:      layout_basic
D:4:      layout_cave_pods, mainiacjoe_overflow_catwalk, uniq_menkaure,
          uniq_eustachio, uniq_grinder
D:5:      layout_cave_pools, st_stairs_10
D:6:      layout_loops_corners, lemuel_crystal_altar, serial_shops,
          nicolae_shop_behind_doors, uniq_crazy_yiuf_cottage
D:7:      layout_basic, cheibriados_altar_1, lemuel_crystal_altar,
          minmay_temple_entry_wispy
D:8:      layout_cave_pods, uniq_pikel
D:9:      wander_river, layout_basic, david_lair_generic,
          hangedman_minor_gate_pass
D:10:     layout_irregular_city, orc_0_dummy, uniq_joseph
D:11:     layout_irregular_city, minivault_25_ag
Temple:   compressed_dpeg_circular_temple

Skill      XL: |  1  2  3  4  5  6  7  8  9 10 11 |
---------------+----------------------------------+-----
Shields        | 3 4 6 7 8 |  8.2
Unarmed Combat | 3 4 5 6 8 10 11 12 | 12.1
Fighting       | 3 4 5 6 7 |  7.5
Dodging        | 4 5 |  5.6

Action                     |  1- 3 |  4- 6 |  7- 9 | 10-12 || total
---------------------------+-------+-------+-------+-------++-------
  Melee: Unarmed           |    70 |   127 |   281 |   338 ||   816
  Throw: Stone             |       |     1 |       |       ||     1
         Dart              |       |     6 |     4 |       ||    10
Ability: Lunge             |       |       |     4 |    17 ||    21
         Whirlwind         |       |       |       |    55 ||    55
  Evoke: Wand              |       |       |     3 |     5 ||     8
    Use: Scroll            |       |     7 |    11 |     4 ||    22
         Potion            |       |       |       |     4 ||     4
   Stab: Sleeping          |       |     1 |       |       ||     1
 Armour: Robe              |    22 |    36 |    47 |    43 ||   148
  Dodge: Dodged            |    16 |    26 |    95 |    93 ||   230
  Block: Kite shield       |    38 |    52 |   165 |   169 ||   424
